 Dungeon Crawl Stone Soup version 0.27.1-33-g824d729ab1 (webtiles) character file.

Game seed: 14445486537007584954

23 jlumianski the Skirmisher (level 2, -2/20 HPs)
             Began as a Gargoyle Monk on Dec 16, 2021.
             Slain by a kobold (3 damage)
             ... on level 1 of the Dungeon.
             The game lasted 00:03:04 (912 turns).

jlumianski the Skirmisher (Gargoyle Monk)            Turns: 912, Time: 00:03:05

Health: -2/20      AC:  6    Str: 14    XL:     2   Next: 95%
Magic:  2/2        EV: 12    Int: 10    God:
Gold:   36         SH:  0    Dex: 12    Spells: 1/1 levels left

rFire    . . .     SeeInvis .   a - +0 hand axe
rCold    . . .     Faith    .   (no shield)
rNeg     + . .     Spirit   .   e - +0 leather armour
rPois    ∞         Reflect  .   (no helmet)
rElec    +         Harm     .   d - +0 cloak {Stlth+}
rCorr    .         Rampage  .   (no gloves)
Will     .....                  (no boots)
Stlth    +++.......             (no amulet)
HPRegen  0.06/turn              (no ring)
MPRegen  0.08/turn              (no ring)

@: no status effects
A: sickness immunity, AC +2, negative energy resistance 1, electricity
resistance, torment resistance 1, petrification resistance
a: no special abilities


You were on level 1 of the Dungeon.
You visited 1 branch of the dungeon, and saw 2 of its levels.

You collected 36 gold pieces.

Inventory:

Hand Weapons
 a - a +0 hand axe (weapon)
Missiles
 f - 22 bolts
Armour
 b - a +0 robe
 d - a +0 cloak of stealth (worn)
 e - a +0 leather armour (worn)
Scrolls
 c - 2 scrolls of identify


   Skills:
 + Level 3.7 Fighting
 + Level 3.1 Axes
 + Level 2.5 Dodging
 + Level 2.4 Stealth


You had one spell level left.
You didn't know any spells.
Your spell library was empty.

Dungeon Overview and Level Annotations

Branches:
Dungeon (2/15)

Altars:


Innate Abilities, Weirdness & Mutations

You are immune to sickness and miasma.
Your stone body is resilient. (AC +2)
You are immune to poison.
You resist negative energy. (rN+)
You are resistant to electric shocks. (rElec)
You are resistant to unholy torment.
You are immune to petrification.


Message History

You hit the kobold but do no damage.
The kobold is severely wounded.
The kobold closely misses you.
You hit the kobold but do no damage.
The kobold is severely wounded.
The kobold hits you but does no damage.
You closely miss the kobold.
The kobold is severely wounded.
The kobold barely misses you.
You hit the kobold but do no damage.
The kobold is severely wounded.
The kobold hits you but does no damage.
You barely miss the kobold.
The kobold is severely wounded.
The kobold closely misses you.
The kobold hits you with a +1 short sword of protection.
* * * LOW HITPOINT WARNING * * *
You aren't carrying any potions.
There is an open door here.
As you read the scroll labelled DUZXAEG DIDWIOBB, it crumbles to dust.
The scroll dissolves into smoke.
It was a scroll of fog.
Your leather armour prevents you from hitting the kobold.
The kobold is moderately wounded.
The kobold hits you but does no damage.
You barely miss the kobold.
The kobold is moderately wounded.
The kobold hits you with a +1 short sword of protection.
* * * LOW HITPOINT WARNING * * *
You closely miss the kobold. The kobold hits you but does no damage.
You closely miss the kobold. The kobold barely misses you.
You hit the kobold but do no damage. The kobold closely misses you.
You hit the kobold but do no damage. The kobold barely misses you.
The kobold hits you but does no damage.
You hit the kobold.
The kobold is severely wounded.
The kobold misses you.
You hit the kobold but do no damage.
The kobold is severely wounded.
The kobold hits you with a +1 short sword of protection.
You die...

...#.#.# #...#.####PPP## #.#..#.#
##.#.#.# #...#.# ##P## #.#†)#.#
#.#.#.# #...#.# #_# #....#.#
#.#.#.# #...#.# ##.### #....#.#
##.#.#.# ... ..# ##P..##.#....#.#
...#.#.# #########..P..#.#.#..#.#
...#.#.# #.......#..PP.#...#..#.#
.....#.# #.#######.....#.#....#.#
...###.###.#..§K@#.....#.#....#.#
..........^##.######'###.#...>..#
######.........# #.##..#..#.###
#...........#..# #.....##.#.#
..###.....#.#..########.....#.#
..#.......#.#.........#.#####.#
..#.#.....#.#.#######.#.# #.#
..#.#####.#.#.........#.# #.#
..#.##....#.###########.# #.#


You could see a kobold.

Vanquished Creatures
  2 dart slugs (D:1)
  2 ball pythons (D:1)
  3 endoplasms (D:1)
  A giant cockroach (D:1)
  A goblin (D:1)
  A kobold (D:1)
  4 bats
  2 frilled lizards (D:1)
  2 rats (D:1)
18 creatures vanquished.

Vanquished Creatures (others)
  2 plants (D:2)
2 creatures vanquished.

Grand Total: 20 creatures vanquished

Notes
Turn   | Place    | Note
-------+----------+-------------------------------------------
     0 | D:1      | jlumianski the Gargoyle Monk began the quest for the Orb.
     0 | D:1      | Reached XP level 1. HP: 14/14 MP: 1/1
    12 | D:1      | Found a faded altar of an unknown god.
   148 | D:1      | Reached XP level 2. HP: 17/19 MP: 2/2
   863 | D:1      | HP: 1/20 [kobold (3)]
   906 | D:1      | HP: 1/20 [kobold (3)]
   912 | D:1      | Slain by a kobold

Illustrated notes

Levels and vault maps discovered:
D:1:      minmay_arrival_checkered_box, layout_basic,
          shapermc_ecumenical_altar_flowoftime, chequers_serial_rivers_micro_e
D:2:      layout_basic, serial_forest, infiniplex_forest_clump_small,
          infiniplex_forest_zigzag_1, infiniplex_forest_lined_ring,
          infiniplex_forest_clump_medium, grunt_ministairs_15

Skill      XL: |  1  2 |
---------------+-------+-----
Axes           | 3 |  3.1
Fighting       | |  3.7
Dodging        | |  2.5
Stealth        | |  2.4

Action                   || total
-------------------------++-------
Melee: Hand axe          ||    74
  Use: Scroll            ||     2
 Stab: Sleeping          ||     1
Armor: Robe              ||     9
       Leather armour    ||    20
Dodge: Dodged            ||    39
